 Dungeon Crawl Stone Soup version 0.31.0-11-ge490571c62 (webtiles) character file.

Game seed: 15722064411284080714

23 abcdefg the Grave Robber (level 2, -4/19 HPs)
             Began as a Demonspawn Necromancer on Jan 30, 2024.
             Slain by an orc priest
             ... wielding a +3 whip of venom
              (7 damage)
             ... on level 3 of the Dungeon.
             The game lasted 00:20:06 (1312 turns).

abcdefg the Grave Robber (Demonspawn Necromancer)   Turns: 1312, Time: 00:20:07

Health: -4/19      AC:  2    Str:  8    XL:     2   Next: 75%
Magic:  5/5        EV: 12    Int: 15    God:
Gold:   59         SH:  0    Dex: 13    Spells: 4/5 levels left

rFire   . . .        c - +0 mace
rCold   . . .        (no shield)
rNeg    . . .        a - +0 robe
rPois   .            (helmet restricted)
rElec   .            (no cloak)
rCorr   .            (no gloves)
SInv    .            (no boots)
Will    +....        (no amulet)
Stlth   ++           q - ring of willpower
HPRegen 0.23/turn    (no ring)
MPRegen 0.09/turn

%: no passive effects
@: lethally poisoned (-4 -> -11)
A: antennae 1
a: no special abilities


You were on level 3 of the Dungeon.
You visited 1 branch of the dungeon, and saw 3 of its levels.

You collected 59 gold pieces.

Inventory:

Hand Weapons
 c - a +0 mace (weapon)
 d - a +0 hand axe
 e - a +0 whip
 f - a +0 dagger
 g - a +0 dagger
 j - a +0 dagger
 k - a +0 whip
 p - a +0 war axe
 r - a +0 hand axe
Missiles
 h - 21 stones (quivered)
Armour
 a - a +0 robe (worn)
 i - a +0 robe
 l - a +0 plate armour
Magical Staves
 s - a staff of fire
Jewellery
 q - a ring of willpower (left hand)
Potions
 b - a potion of magic
 n - 3 potions of curing {unknown}
 o - a potion of heal wounds {unknown}


   Skills:
 + Level 0.3 Fighting
 + Level 0.6 Axes
 + Level 2.0 Dodging
 + Level 1.8 Stealth
 + Level 2.0 Spellcasting
 + Level 4.9 Necromancy


You had 4 spell levels left.
You knew the following spells:

 Your Spells              Type           Power      Damage    Failure   Level
a - Necrotise             Necr           64%        1d7       3%          1

Your spell library contained the following spells:

 Spells                   Type           Power      Damage    Failure   Level
 Vampiric Draining        Necr           16%        2d7       9%          3
 Animate Dead             Necr           16%        N/A       28%         4
 Curse of Agony           Necr           16%        N/A       63%         5


Dungeon Overview and Level Annotations

Branches:
Dungeon (3/15)

Altars:
Trog

Annotations:
D:3 2 transporters, middlethird's ghost, weakling VSCj


Innate Abilities, Weirdness & Mutations

You have a pair of small antennae on your head.


Message History

Found a bloodstained altar of Trog.
Found a scroll labelled MIOPOI NAVALAT.
You open the door.
There is an open door here.
There is a white marble altar of Elyvilon here.
You now have 54 gold pieces (gained 16).
There is a white marble altar of Elyvilon here.
You now have 59 gold pieces (gained 5).
There is a white marble altar of Elyvilon here.
There is a white marble altar of Elyvilon here.
There is a white marble altar of Elyvilon here.
There are no items here.
There is an open door here.
m - a scroll labelled MIOPOI NAVALAT
There are no items here.
As you read the scroll labelled MIOPOI NAVALAT, it crumbles to dust.
You feel strangely unstable.
It was a scroll of teleportation.
Found a transporter.
Found Sif Muna's Secrets of Spellbinding Chrysopoeia and 12 gold pieces.
Found a transporter.
Your surroundings suddenly seem different.
A hobgoblin, a goblin and 5 orcs come into view.
An orc priest is wielding a +3 whip of venom.
The orc wizard shouts! x2; The orc shouts!
The orc closely misses you.
The orc priest shouts!
The orc shouts!
You hit the orc priest.
The orc priest is moderately wounded.
The orc priest hits you with a +3 whip of venom.
You are poisoned.
The orc hits you with a +0 hand axe. The orc completely misses you.
You barely miss the orc priest.
The orc priest is moderately wounded.
You feel very sick.
The orc wizard hits you but does no damage.
The orc barely misses you. The orc hits you with a +0 hand axe.
* * * LOW HITPOINT WARNING * * *
The orc wizard barely misses you.
The orc priest hits you with a +3 whip of venom!
You die...

..P.P.###
.........P._.P.P.###
#
#......P.P...P.P....
..
#......P.......P.##.
.##......P.PP #. .
............ #.
...##.......... ##
......og......# #
#go@o......
#..oo.....#
#.........#
###########


You could see an orc priest, 2 orc wizards, 2 orcs, a hobgoblin and a goblin.

Vanquished Creatures
  A dart slug (D:1)
  3 ball pythons
  An endoplasm (D:2)
  A giant cockroach (D:3)
  A goblin (D:3)
  A hobgoblin (D:2)
  3 quokkas (D:2)
  A bat (D:1)
  4 frilled lizards
  2 kobolds
  2 rats
20 creatures vanquished.

Vanquished Creatures (collateral kills)
  An endoplasm (D:1)
1 creature vanquished.

Grand Total: 21 creatures vanquished

Notes
Turn   | Place    | Note
-------+----------+-------------------------------------------
     0 | D:1      | abcdefg the Demonspawn Necromancer began the quest for the
                  | Orb.
     0 | D:1      | Reached XP level 1. HP: 13/13 MP: 3/3
   488 | D:1      | Gained mutation: You have a pair of small antennae on your
                  | head. [demonic ancestry]
   488 | D:1      | Reached XP level 2. HP: 19/19 MP: 5/5
  1272 | D:3      | Found a bloodstained altar of Trog.
  1308 | D:3      | Found a transporter.
  1310 | D:3      | Found a transporter.
  1310 | D:3      | Noticed middlethird's ghost (weakling VSCj)
  1312 | D:3      | Slain by an orc priest

Illustrated notes

Levels and vault maps discovered:
D:1:      erik_arrival_blinker_ship, layout_basic,
          chequers_ecumenical_altar_simple_redux
D:2:      layout_basic
D:3:      layout_rooms, amcnicky_altar_gilded,
          mainiacjoe_overflow_cross_hatched, mainiacjoe_overflow_alcove_1,
          gammafunk_ghost_mausoleum

Skill      XL: |  1  2 |
---------------+-------+-----
Dodging        | 2 |  2.0
Fighting       | |  0.3
Axes           | |  0.6
Stealth        | |  1.8
Spellcasting   | |  2.0
Necromancy     | |  4.9

Action                     || total
---------------------------++-------
  Melee: Hand axe          ||    75
         Punch             ||     2
         Mace              ||    24
    Use: Scroll            ||     5
   Stab: Sleeping          ||     2
 Armour: Robe              ||    90
  Dodge: Dodged            ||   121
